 Dungeon Crawl Stone Soup version 0.22.1-2-g9c5b331 (webtiles) character file.

44 video the Caller (level 3, -2/24 HPs)
             Began as a Mummy Summoner on Nov 23, 2018.
             Slain by a gnoll
             ... wielding a +0 club
              (8 damage)
             ... on level 2 of the Dungeon.
             The game lasted 00:10:36 (3076 turns).

video the Caller (Mummy Summoner)                   Turns: 3076, Time: 00:10:39

Health: -2/24      AC:  1    Str: 11    XL:     3   Next: 41%
Magic:  5/7        EV: 12    Int: 15    God:
Gold:   111        SH:  0    Dex: 12    Spells: 7/8 levels left

rFire    x . .     SeeInvis .   b - +1 short sword (venom)
rCold    + . .     Gourm    .   (no shield)
rNeg     + + +     Faith    .   g - -1 robe (curse)
rPois    ∞         Spirit   .   (no helmet)
rElec    .         Reflect  .   (no cloak)
rCorr    .         Harm     .   (no gloves)
MR       .....                  (no boots)
Stlth    ++........             (no amulet)
HPRegen  0.08/turn              (no ring)
MPRegen  0.10/turn              (no ring)

@: no status effects
A: no food or potions, fire vulnerability, cold resistance 1, negative energy
resistance 3, torment resistance, unbreathing
a: no special abilities


You were on level 2 of the Dungeon.
You were not hungry.

You visited 1 branch of the dungeon, and saw 3 of its levels.

You collected 111 gold pieces.

Inventory:

Hand Weapons
 b - a +1 short sword of venom (weapon)
 h - a cursed +0 dagger
Armour
 a - a +0 robe
 g - a cursed -1 robe (worn)
Jewellery
 e - an uncursed amulet of guardian spirit
 i - an uncursed amulet of regeneration {unknown}
Scrolls
 c - a scroll of teleportation
 d - 2 scrolls of amnesia {unknown}
 f - 2 scrolls of enchant armour {unknown}
 j - a scroll of random uselessness {unknown}


   Skills:
 + Level 0.4 Short Blades
 + Level 1.6 Dodging
 + Level 1.6 Stealth
 + Level 0.2 Unarmed Combat
 + Level 3.3 Spellcasting
 + Level 3.8 Summonings


You had 7 spell levels left.
You knew the following spells:

 Your Spells              Type           Power        Failure   Level  Hunger
a - Summon Small Mammal   Summ           ##..         4%          1    N/A

Your spell library contained the following spells:

 Spells                   Type           Power        Failure   Level  Hunger
 Call Imp                 Summ           ##......     6%          2    N/A
 Call Canine Familiar     Summ           ##......     12%         3    N/A
 Summon Guardian Golem    Hex/Summ       #.......     26%         3    N/A
 Summon Ice Beast         Ice/Summ       #.......     65%         4    N/A
 Summon Lightning Spire   Summ/Air       #.......     65%         4    N/A

Dungeon Overview and Level Annotations

Branches:
Dungeon (3/15)

Altars:

Annotations:
D:3 Grinder


Innate Abilities, Weirdness & Mutations

You do not eat or drink.
Your flesh is vulnerable to fire.
You are immune to poison.
Your flesh is cold resistant. (rC+)
You are immune to negative energy. (rN+++)
You are immune to unholy pain and torment.
You can survive without breathing.


Message History

Found a whip.
The gnoll is too close now for your liking.
The gnoll shouts!
Casting: Summon Small Mammal (safe; 4% risk of failure)
Confirm with . or Enter, or press ? or * to list all spells.
The gnoll hits you with a club!
Casting: Summon Small Mammal (safe; 4% risk of failure)
Confirm with . or Enter, or press ? or * to list all spells.
The gnoll hits you with a club.
* * * LOW HITPOINT WARNING * * *
Your bat hits the gnoll.
Your quokka bites the gnoll but does no damage.
The gnoll barely misses your quokka.
You hit the gnoll but do no damage.
The gnoll is poisoned.
The gnoll is severely wounded.
Your bat barely misses the gnoll.
Your quokka completely misses the gnoll.
Your bat hits the gnoll but does no damage.
The gnoll hits you with a club!
You die... # ########## ## #........# .###### #.######.# .gggg.#

#.# #.#
.####b#############.######.######
## #..>........(.%...........)..
# #############..#.....######.#
#.............#!......### #.#
#.##########@rg.........###.# #.#
#.g............#.# ###.#
#b#.#.....##...... #...#
#.#.##...#####.#.# #.###
#.#.###.######.#.# #.# #.#.#
#..........# #.# #.#.#
#.#.####.#.# #.# #.#.# #.#.#
#.#.. #.# #..)# #.#.# #.#.#


You could see 2 gnolls, a friendly quokka and a friendly bat.

Vanquished Creatures
  A dart slug (D:2)
  A leopard gecko (D:2)
  4 bats
  A giant cockroach (D:3)
  3 goblins
  A hobgoblin (D:2)
  A kobold (D:3)
  3 rats
15 creatures vanquished.

Vanquished Creatures (collateral kills)
  An adder (D:2)
  A worm (D:2)
  A dart slug (D:2)
  A leopard gecko (D:1)
  5 bats
  3 giant cockroaches (D:1)
  3 goblins
  3 hobgoblins (D:1)
  3 jackals (D:1)
  2 frilled lizards
  2 kobolds (D:1)
  4 rats
29 creatures vanquished.

Grand Total: 44 creatures vanquished

Notes
Turn   | Place    | Note
-------+----------+-------------------------------------------
     0 | D:1      | video the Mummy Summoner began the quest for the Orb.
     0 | D:1      | Reached XP level 1. HP: 13/13 MP: 4/4
   675 | D:1      | Reached XP level 2. HP: 19/19 MP: 0/5
  2274 | D:2      | Reached XP level 3. HP: 21/24 MP: 4/7
  2721 | D:3      | Noticed Grinder
  3076 | D:2      | Slain by a gnoll

Skill      XL: |  1  2 |
---------------+-------+-----
Spellcasting   | 3 |  3.3
Short Blades   | |  0.4
Dodging        | |  1.6
Stealth        | |  1.6
Unarmed Combat | |  0.2
Summonings     | |  3.8

Action                   || total
-------------------------++-------
Melee: Unarmed           ||    21
       Short sword       ||    33
 Cast: Summon Small Mamm ||    86
  Use: Scroll            ||     3
 Stab: Sleeping          ||     2
Armor: Robe              ||    28
Dodge: Dodged            ||    70
